 Dungeon Crawl Stone Soup version 0.27.1-35-g4d5d836560 (webtiles) character file.

Game seed: 8326290700880338468

115 croobank the Skirmisher (level 4, -18/35 HPs)
             Began as a Demonspawn Abyssal Knight on Oct 28, 2022.
             Was a Follower of Lugonu.
             Demolished by an ogre (28 damage)
             ... on level 3 of the Dungeon.
             The game lasted 00:07:48 (4103 turns).

croobank the Skirmisher (Demonspawn Abyssal Knight) Turns: 4103, Time: 00:07:49

Health: -18/35     AC:  5    Str: 12    XL:     4   Next: 68%
Magic:  15/15      EV: 10    Int: 14    God:    Lugonu [*.....]
Gold:   8          SH:  0    Dex: 13    Spells: 2/5 levels left

rFire    . . .     SeeInvis .   a - +2 mace (drain)
rCold    . . .     Faith    .   (no shield)
rNeg     . . .     Spirit   .   o - +0 ring mail
rPois    .         Reflect  .   (helmet restricted)
rElec    .         Harm     .   (no cloak)
rCorr    .         Rampage  .   (no gloves)
Will     .....                  (no boots)
Stlth    +.........             (no amulet)
HPRegen  0.11/turn              h - ring of magical power
MPRegen  0.14/turn              (no ring)

@: about to teleport
A: horns 1, foul stench 1
a: Renounce Religion, Depart the Abyss


You were on level 3 of the Dungeon.
You worshipped Lugonu.
Lugonu was aware of your devotion.
You visited 1 branch of the dungeon, and saw 3 of its levels.
You visited the Abyss 1 time.

You collected 8 gold pieces.

Inventory:

Hand Weapons
 a - a +2 mace of draining (weapon)
 b - a +0 hunting sling
 f - a +1 dagger of draining
 k - a +1 hand axe of venom
Missiles
 c - 10 poisoned darts
 q - 20 bolts
 s - 30 stones
 t - 12 sling bullets
Armour
 o - a +0 ring mail (worn)
 r - a +0 leather armour
Jewellery
 h - a ring of magical power (left hand)
Scrolls
 e - a scroll of blinking {unknown}
 n - a scroll of immolation {unknown}
 p - a scroll of fear {unknown}
Potions
 d - a potion of might {unknown}
 g - a potion of flight {unknown}
 i - a potion of attraction {unknown}
 j - a potion of cancellation {unknown}
 m - 2 potions of brilliance {unknown}


   Skills:
 + Level 3.4 Fighting
 - Level 2.1(2.2) Axes
 + Level 0.8(1.5) Maces & Flails
 + Level 0.0 Slings
 + Level 2.3 Armour
 + Level 1.8 Dodging
 + Level 1.4 Spellcasting
 + Level 3.4 Invocations


You had 2 spell levels left.
You knew the following spells:

 Your Spells              Type           Power      Damage    Failure   Level
a - Inner Flame           Hex/Fire       0%         N/A       86%         3

Your spell library contained the following spells:

 Spells                   Type           Power      Damage    Failure   Level
 Ozocubu's Armour         Ice            0%         N/A       86%         3
 Cause Fear               Hex            0%         N/A       99%         4
 Ozocubu's Refrigeration  Ice            0%         4d5       100%        7
 Discord                  Hex            0%         N/A       100%        8


Dungeon Overview and Level Annotations

Branches:
Dungeon (3/15)

Altars:


Innate Abilities, Weirdness & Mutations

You have a pair of small horns on your head.
You may rarely emit foul miasma when damaged in melee.


Message History

You shoot a sling bullet.
The sling bullet hits the ogre but does no damage.
Fire: 16 sling bullets
Press: ? - help, Q - select action, (/) - cycle Shift-Dir - straight line, f/p - ogre
Aim: an ogre, wielding a +0 giant club (73% to hit)
You shoot a sling bullet.
The sling bullet hits the ogre but does no damage.
Fire: 15 sling bullets
Press: ? - help, Q - select action, (/) - cycle Shift-Dir - straight line, f/p - ogre
Aim: an ogre, wielding a +0 giant club (73% to hit)
You shoot a sling bullet. The sling bullet hits the ogre.
The ogre is lightly wounded.
Fire: 14 sling bullets
Press: ? - help, Q - select action, (/) - cycle Shift-Dir - straight line, f/p - ogre
Aim: an ogre, wielding a +0 giant club (lightly wounded, 73% to hit)
You shoot a sling bullet.
The sling bullet hits the ogre but does no damage.
The ogre is lightly wounded.
Fire: 13 sling bullets
Press: ? - help, Q - select action, (/) - cycle Shift-Dir - straight line, f/p - ogre
Aim: an ogre, wielding a +0 giant club (lightly wounded, 73% to hit)
You shoot a sling bullet. The sling bullet hits the ogre!
The ogre is moderately wounded.
You sense an unholy aura.
a - a +2 mace of draining (weapon)
The ogre barely misses you.
You hit the ogre.
The ogre is heavily wounded.
The ogre hits you with a +0 giant club!
You closely miss the ogre. You headbutt the ogre!
The ogre is severely wounded.
The ogre hits you with a +0 giant club!
* * * LOW HITPOINT WARNING * * *
There is a stone staircase leading up here.
Okay, then.
As you read the scroll of teleportation, it crumbles to dust.
You feel strangely unstable.
The ogre hits you with a +0 giant club!!
Ouch! That really hurt!
You die...

### #.. ..# #.# #.#
#.# ( ## #.# #.# .. #.
#.# #.# #(#.
#.######.#
#.(.####........#
#....<.......O@#####
############.........#
#...###..######.#
#.............#
......#..####.#
......#..)..# .....
#.###.# # #...#
#.###.###..# #.# #...
#..........# #.#


You could see an ogre.

Vanquished Creatures
  Jessica (D:2)
  4 gnolls (D:2)
  2 worms (D:2)
  2 dart slugs
  2 endoplasms (D:2)
  7 goblins
  5 hobgoblins
  3 jackals (D:1)
  A quokka (D:3)
  4 ball pythons
  3 bats
  3 frilled lizards
  4 kobolds
  3 rats (D:2)
44 creatures vanquished.

Notes
Turn   | Place    | Note
-------+----------+-------------------------------------------
     0 | Abyss:1  | croobank the Demonspawn Abyssal Knight began the quest for
                  | the Orb.
     0 | Abyss:1  | Reached XP level 1. HP: 18/18 MP: 2/2
    25 | Abyss:1  | Found a corrupted altar of Lugonu.
    90 | D:1      | Escaped the Abyss
   323 | D:1      | Reached skill level 1 in Dodging
   326 | D:1      | Reached * piety under Lugonu
   563 | D:1      | Gained mutation: You may rarely emit foul miasma when
                  | damaged in melee. [demonic ancestry]
   563 | D:1      | Reached XP level 2. HP: 18/21 MP: 3/3
   720 | D:1      | Found a faded altar of an unknown god.
  2149 | D:2      | Gained mutation: You have a pair of small horns on your
                  | head. [demonic ancestry]
  2149 | D:2      | Reached XP level 3. HP: 16/29 MP: 5/5
  2731 | D:2      | Noticed Jessica
  2734 | D:2      | Killed Jessica
  2735 | D:2      | Reached skill level 1 in Spellcasting
  3064 | D:2      | Reached XP level 4. HP: 30/35 MP: 6/6
  3660 | D:3      | Learned a level 3 spell: Inner Flame
  4082 | D:3      | Noticed an ogre
  4103 | D:3      | Demolished by an ogre

Illustrated notes

Levels and vault maps discovered:
D:1:      beargit_arrival_diablo_church, layout_loops_corners,
          shapermc_ecumenical_altar_starsandcircs,
          amcnicky_mini_corridor_feature, chequers_jeans
D:2:      layout_basic, serial_curves, eino_curves_04, eino_curves_02,
          eino_curves_02, uniq_jessica
D:3:      layout_loops_ring, led_sif_pool, tgw_fedhas

Skill      XL: |  1  2  3 |
---------------+----------+-----
Dodging        | 1 |  1.8
Axes           | 2 |  2.1
Armour         | 2 |  2.3
Invocations    | 3 |  3.4
Spellcasting   | 1 |  1.4
Fighting       | |  3.4
Maces & Flails | |  0.8

Action                   |  1- 3 |  4- 6 || total
-------------------------+-------+-------++-------
Melee: Hand axe          |    78 |       ||    78
       Mace              |     6 |    27 ||    33
       Headbutt          |     2 |     2 ||     4
 Fire: Hunting sling     |       |    21 ||    21
Invok: Depart the Abyss  |     1 |       ||     1
  Use: Scroll            |     5 |     1 ||     6
       Potion            |       |     2 ||     2
Armor: Leather armour    |    23 |       ||    23
       Ring mail         |       |     7 ||     7
Dodge: Dodged            |    36 |    28 ||    64
